 Dungeon Crawl Stone Soup version 0.14-a0-629-g748cab2 (webtiles) character file.

47 JacquesDerrida the Digger (level 2, 18/20 HPs)
             Began as a Lava Orc Earth Elementalist on Nov 4, 2013.
             Quit the game on Level 1 of the Dungeon on Nov 5, 2013.
             The game lasted 00:02:24 (346 turns).

JacquesDerrida the Digger (LOEE)                     Turns: 346, Time: 00:02:24

HP  18/20        AC  7     Str 10      XL: 2   Next: 24%
MP   3/4         EV 12     Int 15      God:
Gold 34          SH  0     Dex 11      Spells:  1 memorised,  2 levels left

Res.Fire  : + . .   See Invis. : .   g - +0 short sword
Res.Cold  : . . .   Warding    : .   c - +0 orc robe
Life Prot.: . . .   Conserve   : .   (no shield)
Res.Poison: .       Res.Corr.  : .   (no helmet)
Res.Elec. : .       Clarity    : .   (no cloak)
Sust.Abil.: . .     Spirit.Shd : .   k - +2 pair of gauntlets
Res.Mut.  : .       Stasis     : .   (no boots)
Res.Rott. : .       Flight     : .   (no amulet)
Saprovore : + . .                    (no ring)
                                     (no ring)

@: not resistant to hostile enchantments, unstealthy
A: conserve scrolls, saprovore 1
a: no special abilities


You were on level 1 of the Dungeon.
You were not hungry.

You visited 1 branch of the dungeon, and saw 1 of its levels.

You collected 34 gold pieces.

Inventory:

Hand weapons
 g - a +0,+0 short sword (weapon)
Missiles
 b - 20 stones (quivered)
Armour
 c - a +0 orcish robe (worn)
 k - a +2 pair of gauntlets (worn)
Comestibles
 a - a meat ration
 f - a rotting chunk of rat flesh
 i - a chunk of bat flesh
 j - a chunk of rat flesh
 m - a choko
Scrolls
 e - 2 scrolls of identify {unknown}
 h - a scroll of remove curse {unknown}
 l - a scroll of teleportation {unknown}
Books
 d - a book of Geomancy

   Spells                             Type                      Level
   *Sandblast                         Earth                        1
   Stoneskin                          Transmutation/Earth          2
   Passwall                           Transmutation/Earth          3
   Stone Arrow                        Conjuration/Earth            3
   Petrify                            Transmutation/Earth          4
   Lee's Rapid Deconstruction         Earth                        5


   Skills:
 - Level 1.5 Dodging
 - Level 1.5 Stealth
 - Level 1.0 Spellcasting
   Level 1.3 Transmutations
 + Level 4.1 Earth Magic


You had 2 spell levels left.
You knew the following spells:

 Your Spells              Type           Power        Failure   Level  Hunger
a - Sandblast             Erth           ##....       6%          1    ##.....


Dungeon Overview and Level Annotations

Branches:
Dungeon (1/27)

Altars:


Innate Abilities, Weirdness & Mutations

You have stony skin.
Your flesh is heat resistant.
Your flesh is vulnerable to cold.
Your heat harms attackers.
You bathe your surroundings in blazing heat.
You are too hot to use scrolls.
You are very good at protecting items from fire.
You can tolerate rotten meat.


Message History

Aiming: Sandblast
Press: ? - help, Shift-Dir - straight line, f/p - goblin
Aim: a goblin (lightly wounded)
The blast of sand hits the goblin.
You kill the goblin!
m - a choko You see here a goblin corpse.
Magic restored.
A hobgoblin comes into view. It is wielding a club.
The hobgoblin shouts!
Casting: Sandblast
Confirm with . or Enter, or press ? or * to list all spells.
Aiming: Sandblast
Press: ? - help, Shift-Dir - straight line, f - hobgoblin
Aim: a hobgoblin, wielding a club The blast of sand hits the hobgoblin.
Saving game... please wait.
Welcome back, JacquesDerrida the Lava Orc Earth Elementalist.
Press ? for a list of commands and other information.
Are you sure you want to abandon this character and quit the game? (Confirm with "yes".)

.##)# #.##.# #.# ###.#
#.##.####.#
###.######......##.#
................##.#
###.....#..........#
#####...##......#####...
....##.###...............
###..%.....##.##.####.#.
####.######.##@# #.#
#.##g# #.# #.##.# #.#
#.##.# #.# #.##.# #.# .
#.# ####.# #.# #..).# #..
#.# ###


You could see a hobgoblin.

Vanquished Creatures
  A bat (D:1)
  A giant cockroach (D:1)
  A goblin (D:1)
  2 hobgoblins (D:1)
  A kobold (D:1)
  A ball python (D:1)
  A giant newt (D:1)
  5 rats (D:1)
13 creatures vanquished.

Notes
Turn   | Place    | Note
--------------------------------------------------------------
     0 | D:1      | JacquesDerrida, the Lava Orc Earth Elementalist, began the quest for the Orb.
     0 | D:1      | Reached XP level 1. HP: 14/14 MP: 3/3
   222 | D:1      | Reached skill level 4 in Earth Magic
   222 | D:1      | Reached XP level 2. HP: 11/20 MP: 0/4
   346 | D:1      | Upgraded the game from 0.14-a0-586-g2535b90 to 0.14-a0-629-g748cab2
   346 | D:1      | Quit the game

Action                   || total
-------------------------++-------
Melee: Short sword       ||     6
       Unarmed           ||     2
 Cast: Sandblast         ||    21
